 Dungeon Crawl Stone Soup version 0.28.0-45-g0d030f2227 (webtiles) character file.

Game seed: 209966879355778246

128 NinjaNoafa the Stinger (level 4, -2/36 HPs)
             Began as a Draconian Venom Mage on Apr 14, 2022.
             Slain by Edmund
             ... wielding a +6 flail of protection
              (3 damage)
             ... on level 4 of the Dungeon.
             The game lasted 00:09:56 (3904 turns).

NinjaNoafa the Stinger (Draconian Venom Mage)       Turns: 3904, Time: 00:09:57

Health: -2/36      AC: 13    Str: 11    XL:     4   Next: 86%
Magic:  7/7        EV: 12    Int: 17    God:
Gold:   96         SH:  0    Dex: 11    Spells: 7/8 levels left

rFire   + . .      SeeInvis .   l - +2 short sword (protect)
rCold   x . .      Faith    .   (no shield)
rNeg    . . .      Spirit   .   (armour unavailable)
rPois   .          Reflect  .   (helmet restricted)
rElec   .          Harm     .   (no cloak)
rCorr   .          Rampage  .   s - +0 pair of gloves
Will    +....                   (no boots)
Stlth   ++........              o - amulet of magic regeneration
HPRegen 0.12/turn               f - ring of fire
MPRegen 0.50/turn               m - ring of willpower

@: under a protective aura
A: AC +5, unfitting armour, cold-blooded
a: no special abilities


You were on level 4 of the Dungeon.
You visited 1 branch of the dungeon, and saw 4 of its levels.

You collected 96 gold pieces.

Inventory:

Hand Weapons
 h - a +0 war axe
 l - a +2 short sword of protection (weapon)
Missiles
 c - 2 stones
 r - 3 poisoned darts
 t - 4 boomerangs (quivered)
Armour
 s - a +0 pair of gloves (worn)
Jewellery
 f - a ring of fire (left hand)
 g - an amulet of regeneration
 k - an amulet of faith
 m - a ring of willpower (right hand)
 n - a ring of willpower
 o - an amulet of magic regeneration (around neck)
 q - an amulet of reflection
Scrolls
 d - 2 scrolls of magic mapping
 e - a scroll of amnesia


   Skills:
 - Level 2.0 Fighting
 - Level 3.0 Dodging
 - Level 2.0 Stealth
 + Level 2.5 Spellcasting
 + Level 0.1 Conjurations
 + Level 1.9 Transmutations
 + Level 0.4 Air Magic
 + Level 3.4 Poison Magic


You had 7 spell levels left.
You knew the following spells:

 Your Spells              Type           Power      Damage    Failure   Level
a - Sting                 Tmut/Pois      44%        1d5       6%          1

Your spell library contained the following spells:

 Spells                   Type           Power      Damage    Failure   Level
 Poisonous Vapours        Pois/Air       16%        N/A       13%         2
 Mephitic Cloud           Conj/Pois/Air  6%         N/A       32%         3
 Olgreb's Toxic Radiance  Pois           13%        N/A       41%         4
 Cause Fear               Hex            1%         N/A       88%         4
 Dragon Form              Tmut           4%         N/A       100%        7
 Dragon's Call            Summ           1%         N/A       100%        9


Dungeon Overview and Level Annotations

Branches:
Dungeon (4/15)
 Temple: D:4-7

Altars:

Shops:
D:3 =

Annotations:
D:3 Crazy Yiuf
D:4 Edmund, Grinder


Innate Abilities, Weirdness & Mutations

Your plain brown scales are hard. (AC +5)
You cannot fit into any form of body armour.
You are cold-blooded and may be slowed by cold attacks.


Message History

Grinder shouts!
You barely miss the ogre.
The ogre is lightly wounded.
The ogre closely misses you.
You barely miss the ogre.
Your tail-slap misses the ogre.
The ogre is lightly wounded.
Grinder blinks!
The ogre hits you with a +0 giant spiked club!
Grinder gestures at you.
You easily resist.
Grinder gestures at you.
You easily resist.
Casting: Sting (safe; 6% risk of failure)
Confirm with . or Enter, or press ? or * to list all spells.
Aiming: Sting (safe; 6% risk of failure)
Press: ? - help, Shift-Dir - straight line, f/p - ogre
Aim: an ogre, wielding a +0 giant spiked club (moderately wounded, poisoned, 86% to hit)
The sting hits the ogre.
The ogre looks even sicker.
The ogre is moderately wounded.
The ogre closely misses you. Grinder gestures at you.
Pain shoots through your body!
* * * LOW HITPOINT WARNING * * *
Grinder says, "Make like a tree!"
Grinder blinks!
You feel better.
Grinder blinks!
Okay, then.
The ogre looks more healthy.
Edmund the Younger comes into view.
He is wielding a +6 flail of protection and wearing a +1 chain mail of positive energy.
Edmund shouts!
Edmund looks rather jealous.
Edmund hits you with a +6 flail of protection.
You hit Edmund but do no damage.
Your weapon exudes an aura of protection.
The ogre hits you with a +0 giant spiked club!
* * * LOW HITPOINT WARNING * * *
Edmund clears his throat.
Edmund hits you with a +6 flail of protection.
You die...

#.##### #..@@.#
#####O# #.# #.#
###############.#
###...............#
........###########
........# .##.....#


You could see Edmund and an ogre.

Vanquished Creatures
  A bullfrog zombie (D:3)
  Terence (D:2)
  An orc (D:3)
  7 ball pythons
  6 bats
  5 endoplasms
  2 giant cockroaches
  10 goblins
  5 hobgoblins
  2 jackals (D:1)
  4 quokkas
  7 frilled lizards (D:1)
  8 kobolds
  4 rats
  A spectral kobold (D:1)
64 creatures vanquished.

Notes
Turn   | Place    | Note
-------+----------+-------------------------------------------
     0 | D:1      | NinjaNoafa the Draconian Venom Mage began the quest for the
                  | Orb.
     0 | D:1      | Reached XP level 1. HP: 14/14 MP: 3/3
   194 | D:1      | Reached XP level 2. HP: 19/20 MP: 0/5
   740 | D:1      | Reached XP level 3. HP: 18/26 MP: 0/6
  1223 | D:1      | Found a faded altar of an unknown god.
  1852 | D:2      | Noticed Terence
  1863 | D:2      | Killed Terence
  1864 | D:2      | Reached skill level 1 in Fighting
  1876 | D:2      | Reached XP level 4. HP: 35/35 MP: 1/7
  2929 | D:3      | Found Enameoria's Jewellery Shoppe.
  3629 | D:3      | Found a runed translucent door.
  3630 | D:3      | Noticed Crazy Yiuf
  3877 | D:4      | Noticed an ogre
  3881 | D:4      | Noticed Grinder
  3902 | D:4      | Noticed Edmund
  3904 | D:4      | HP: 1/36 [ogre/+0 giant spiked club (11)]
  3904 | D:4      | Slain by Edmund

Illustrated notes

Levels and vault maps discovered:
D:1:      dpeg_arrival_brainrot, layout_basic,
          dreamdust_ecumenical_altar_drowned_temple, minmay_tetromino_o4
D:2:      layout_basic, item_on_display_a, uniq_terence
D:3:      layout_loops_corners, serial_shops, nicolae_shop_hallway_plus,
          uniq_crazy_yiuf_cottage
D:4:      layout_loops_corners, marbit_many_paths, mainiacjoe_overflow_alcove_1,
          uniq_grinder, uniq_edmund, uniq_menkaure

Skill      XL: |  1  2  3  4 |
---------------+-------------+-----
Stealth        | 2 |  2.0
Dodging        | 2 3 |  3.0
Fighting       | 1 2 |  2.0
Spellcasting   | |  2.5
Conjurations   | |  0.1
Transmutations | |  1.9
Air Magic      | |  0.4
Poison Magic   | |  3.4

Action                   |  1- 3 |  4- 6 || total
-------------------------+-------+-------++-------
Melee: Unarmed           |    23 |       ||    23
       Tailslap          |     6 |     4 ||    10
       Punch             |     1 |       ||     1
       Short sword       |     7 |    44 ||    51
       War axe           |     6 |       ||     6
Throw: Boomerang         |       |     4 ||     4
 Cast: Sting             |    57 |    36 ||    93
  Use: Scroll            |       |     4 ||     4
       Potion            |       |     3 ||     3
Armor: Skin              |    27 |    20 ||    47
Dodge: Dodged            |    34 |    42 ||    76
